Cogmind - Beta 14 @@@ ROGUE MODE // 2024.09.02 @ 11:36:47 Player: MOPO3 Result: Destroyed by D-53 Grenadier with Mini Grenade Launcher Performance ------------- Evolutions (0) 0 Regions Visited (4) 800 Robots Destroyed (15) 75 Value Destroyed (208) 208 Prototype IDs (1) 20 Alien Tech Used (0) 0 Bonus (314) 314 TOTAL SCORE: 1417 Bonus ------- Follower Combat Kills 14 Aligned with FarCom 300 Cogmind --------- Core Integrity 0/250 Matter 285/300 Energy 99/100 System Corruption 0% Temperature Cool (0) Movement Core (50) Location -9/Mines Parts ------- > --- POWER (1) -------- (None) > --- PROPULSION (2) --- (None) > --- UTILITY (2) ------ (None) > --- WEAPON (2) ------- (None) > --- INVENTORY (5) ---- Flight Unit Flight Unit VTOL Module Experimental Sensor Array Medium Armor Plating Peak State ------------ > --- POWER ------------ Light Nuclear Core > --- PROPULSION ------- Light Treads > --- UTILITY ---------- High-capacity Storage Unit 0b10 Alert Chip > --- WEAPON ----------- Light Assault Rifle Light Assault Rifle > --- INVENTORY -------- Light Ion Engine Light Ion Engine Light Ion Engine Flight Unit Flight Unit Flight Unit Flight Unit Flight Unit Flight Unit Flight Unit Flight Unit VTOL Module Improved Heat Sink Small Storage Unit Experimental Sensor Array Weapon Shielding Light Armor Plating Medium Armor Plating Light Assault Rifle Light Assault Rifle [Rating: 16] Favorites ----------- Power Light Ion Engine Engine Light Ion Engine Power Core Light Nuclear Core Propulsion Light Treads Treads Light Treads Leg Aluminum Leg Flight Unit Flight Unit Utility High-capacity Storage Unit Storage High-capacity Storage Unit Processor 0b10 Alert Chip Protection Improved Weapon Shielding Weapon Light Assault Rifle Energy Gun Medium Laser Ballistic Gun Light Assault Rifle Build | -11 -10 -10 -10 -9 ------- Run | Yrd Mat Min Exi Min Slots Evolved . | . . . . . Power . | . . . . . Propulsion . | . . . . . Utility . | . . . . . Weapon . | . . . . . Parts Attached 15 | 7 1 1 1 5 Power 3 | 1 . . . 2 Engine 2 | 1 . . . 1 Core 1 | . . . . 1 Reactor . | . . . . . Propulsion 4 | 2 . . . 2 Treads 2 | 2 . . . . Leg 1 | . . . . 1 Wheel . | . . . . . Hover . | . . . . . Flight 1 | . . . . 1 Utility 4 | 1 1 1 1 . Device . | . . . . . Storage 2 | 1 1 . . . Processor 1 | . . . 1 . Hackware . | . . . . . Protection 1 | . . 1 . . Artifact . | . . . . . Weapon 4 | 3 . . . 1 Energy Gun 1 | 1 . . . . Energy Cannon . | . . . . . Ballistic Gun 3 | 2 . . . 1 Ballistic Cannon . | . . . . . Launcher . | . . . . . Special Weapon . | . . . . . Impact Weapon . | . . . . . Slashing Weapon . | . . . . . Piercing Weapon . | . . . . . Special Melee Weapon . | . . . . . Unidentified Prototypes 1 | . . . 1 . Parts Lost 5 | . . 1 . 4 Power 1 | . . . . 1 Propulsion 3 | . . 1 . 2 Utility . | . . . . . Weapon 1 | . . . . 1 Highest Loss Streak 2 | . . 1 . 2 To Critical Strikes . | . . . . . Average Slot Usage (%) 93 | . 97 97 85 94 Engine 13 | . 14 14 14 12 Treads 19 | . 28 25 14 13 Flight 2 | . . . . 10 Storage 14 | . 25 14 14 14 Processor 5 | . . . 6 14 Protection 7 | . . 13 7 . Ballistic Gun 27 | . 28 28 28 27 Peak Build Rating 16 | 6 7 10 13 16 Average Rating 10 | 4 6 9 10 14 On Entrance 7 | . 6 7 9 13 Naked Turns 1 | . . . . 1 Heaviest Build 51 | 11 51 51 48 47 Greatest Support 40 | 40 40 40 20 20 Greatest Overweight (x) 15 | . 1 2 2 15 Average Overweight (x) 1 | . . 1 2 2 Largest Inventory Capacity 20 | 8 20 20 20 20 Average Capacity 19 | 7 17 20 20 19 Most Carried 20 | . . 15 16 20 Average Carried 11 | . . 7 15 19 Final Capacity 20 | 8 20 20 20 5 Final Carried 16 | . . 15 16 5 Class Distribution -------------------- 100% | Mutant Dominant Class ---------------- Mutant | -10/Materials Mutant | -10/Mines Mutant | -10/Exiles Mutant | -9/Mines Resources | -11 -10 -10 -10 -9 ----------- Run | Yrd Mat Min Exi Min Matter Collected 445 | 259 17 113 . 56 Remotely . | . . . . . Salvage Created 300 | . 17 223 . 60 Parts 23 | . 2 12 . 9 Haulers Intercepted . | . . . . . Recyclers Shooed . | . . . . . Parts Field Recycled . | . . . . . Retrieved Matter . | . . . . . Parts Self-Destructed . | . . . . . Prevented . | . . . . . Kills | -11 -10 -10 -10 -9 ------- Run | Yrd Mat Min Exi Min Combat Hostiles Destroyed 13 | . . 9 . 4 Guns 13 | . . 9 . 4 Classes Destroyed 4 | . 1 3 . . Worker 1 | . . 1 . . Watcher 1 | . 1 . . . Swarmer 11 | . . 7 . 4 Grunt 2 | . . 2 . . Best Kill Streak 4 | . 1 4 . 4 Combat Bots Only 4 | . . 3 . 4 Max Kills in Single Turn 1 | . 1 1 . 1 Gunslinging . | . . . . . Exploded . | . . . . . Melee . | . . . . . Uniques/NPCs Destroyed . | . . . . . Combat | -11 -10 -10 -10 -9 -------- Run | Yrd Mat Min Exi Min Hostile Shots Fired 82 | . . 30 . 52 Missed 13 | . . 7 . 6 Damage Taken 969 | . . 318 . 651 Core 266 | . . . . 266 Absorbed by Shields . | . . . . . Redirected to Shielding 54 | . . 54 . . Core Remaining (%) 100 | 100 . . . . Volleys Fired 35 | . 4 22 . 9 Largest 2 | . 2 2 . 2 Hottest 40 | . 40 40 . 40 Shots Fired 70 | . 8 44 . 18 Gun 70 | . 8 44 . 18 Cannon . | . . . . . Launcher . | . . . . . Special . | . . . . . Kinetic 70 | . 8 44 . 18 Thermal . | . . . . . Explosive . | . . . . . Electromagnetic . | . . . . . Robot Hit Streak 7 | . 4 7 . 2 Robot Miss Streak 5 | . 2 3 . 5 Penetration Max . | . . . . . Secondary Targets 4 | . . 1 . 3 Max Gunslinging Chain 1 | . . 1 . 1 Shots Hit Robots 36 | . 5 25 . 6 Core Hits 22 | . 3 14 . 5 Critical Kills . | . . . . . Critical Parts Destroyed 1 | . . 1 . . Critical Strikes 1 | . . 1 . . Destroy 1 | . . 1 . . Melee Attacks . | . . . . . Impact . | . . . . . Slashing . | . . . . . Piercing . | . . . . . Sneak Attacks . | . . . . . Combat Hostiles . | . . . . . Follow-up Attacks . | . . . . . Damage Inflicted 393 | . 53 287 . 53 Guns 393 | . 53 287 . 53 Cannons . | . . . . . Explosions . | . . . . . Melee . | . . . . . Ramming . | . . . . . Kinetic 393 | . 53 287 . 53 Thermal . | . . . . . Explosive . | . . . . . Electromagnetic . | . . . . . Impact . | . . . . . Slashing . | . . . . . Piercing . | . . . . . Highest Corruption . | . . . . . Average Corruption . | . . . . . Corruption Purged . | . . . . . Corruption Blocked . | . . . . . Overload Shots . | . . . . . Overflow Damage . | . . . . . Projectiles . | . . . . . Explosions . | . . . . . Melee . | . . . . . Knockbacks . | . . . . . Impact . | . . . . . Kinetic . | . . . . . Secondary . | . . . . . Self-Inflicted Damage . | . . . . . Shots . | . . . . . Rammed . | . . . . . Targets Rammed . | . . . . . Kicked . | . . . . . Crushed . | . . . . . Highest Temperature 30 | . . 30 . . Average Temperature 13 | . . 13 . . Received Heat Transfer 93 | . . 93 . . Siege Activations . | . . . . . Robots Corrupted . | . . . . . Combat Hostiles . | . . . . . Parts Fried . | . . . . . Impact Corruptions . | . . . . . Robots Melted . | . . . . . Combat Hostiles . | . . . . . Parts Melted . | . . . . . Heat Transferred . | . . . . . Parts Sabotaged . | . . . . . Parts Stolen . | . . . . . Parts Stripped . | . . . . . Power Chain Reactions . | . . . . . Alert | -11 -10 -10 -10 -9 ------- Run | Yrd Mat Min Exi Min Peak Influence 165 | . 30 165 . 52 Initial 11 | . . 11 . . Average 36 | . 20 47 . 23 Maximum Alert Level . | . . . . . Low Security (%) 100 | 100 100 100 . 100 Level 1 . | . . . . . Level 2 . | . . . . . Level 3 . | . . . . . Level 4 . | . . . . . Level 5 . | . . . . . High Security . | . . . . . Max Security . | . . . . . Squads Dispatched . | . . . . . Investigation . | . . . . . Extermination . | . . . . . Reinforcement . | . . . . . Assault . | . . . . . Garrison . | . . . . . Intercept . | . . . . . Searches Triggered . | . . . . . Construction Impeded . | . . . . . Haulers Reinforced . | . . . . . Active Scanning Responses . | . . . . . Cargo Convoy Interrupts . | . . . . . Stealth | -11 -10 -10 -10 -9 --------- Run | Yrd Mat Min Exi Min Distress Signals . | . . . . . Communications Jammed . | . . . . . Distress Signals . | . . . . . Times Spotted 37 | . 1 11 . 25 Peak Tracking Total 21 | . 1 3 . 21 Tactical Retreats 3 | . . 1 . 2 Traps | -11 -10 -10 -10 -9 ------- Run | Yrd Mat Min Exi Min Traps Triggered 1 | . . 1 . . Indirectly . | . . . . . Trap Hack Attempts . | . . . . . Triggered . | . . . . . Disarmed . | . . . . . Reprogrammed . | . . . . . Reused . | . . . . . Traps Extracted . | . . . . . Installed . | . . . . . Triggered . | . . . . . Machines | -11 -10 -10 -10 -9 ---------- Run | Yrd Mat Min Exi Min Machines Disabled . | . . . . . Max in Single Turn . | . . . . . Machines Repaired . | . . . . . Machines Dismantled . | . . . . . Machines Sabotaged . | . . . . . Overloaded Fab Kills . | . . . . . Hacking | -11 -10 -10 -10 -9 --------- Run | Yrd Mat Min Exi Min Machines Accessed 2 | . 1 1 . . Terminals 1 | . 1 . . . Fabricators . | . . . . . Repair Stations . | . . . . . Recycling Units . | . . . . . Scanalyzers . | . . . . . Garrison Access . | . . . . . Total Hacks 4 | . 3 1 . . Successful 3 | . 2 1 . . Failed 1 | . 1 . . . Catastrophic 1 | . 1 . . . Database Lockouts . | . . . . . Manual 5 | . 3 . 2 . Terminals 3 | . 3 . . . Fabricators . | . . . . . Repair Stations . | . . . . . Recycling Units . | . . . . . Scanalyzers . | . . . . . Garrison Access . | . . . . . Terminal Hacks 2 | . 1 1 . . Open Door 1 | . . 1 . . Branch Access Points 1 | . 1 . . . Fabricator Hacks . | . . . . . Repair Station Hacks . | . . . . . Recycling Unit Hacks . | . . . . . Scanalyzer . | . . . . . Garrison Access Hacks . | . . . . . Unauthorized Hacks 1 | . 1 . . . Terminals 1 | . 1 . . . Botnet 1 | . 1 . . . Fabricators . | . . . . . Repair Stations . | . . . . . Recycling Units . | . . . . . Scanalyzers . | . . . . . Garrison Access . | . . . . . Data Cores Recovered . | . . . . . Used . | . . . . . Hacking Detections . | . . . . . Full Trace Events . | . . . . . Feedback Events . | . . . . . Feedback Blocked . | . . . . . Robot Schematics Acquired . | . . . . . Robots Built . | . . . . . Authchips . | . . . . . Time . | . . . . . Total Robot Build Rating . | . . . . . Part Schematics Acquired . | . . . . . Parts Built . | . . . . . Authchips . | . . . . . Time . | . . . . . Total Part Build Rating . | . . . . . Parts Repaired . | . . . . . Time . | . . . . . Parts Recycled . | . . . . . Recycled Matter . | . . . . . Retrieved Matter . | . . . . . Retrieved Components . | . . . . . Parts Scanalyzed . | . . . . . Part Schematics Acquired . | . . . . . Parts Damaged . | . . . . . Bothacking | -11 -10 -10 -10 -9 ------------ Run | Yrd Mat Min Exi Min Used RIF Installer . | . . . . . Robots Hacked . | . . . . . Non-combat . | . . . . . Combat . | . . . . . Robot Hacks Applied . | . . . . . Relay Couplers Released . | . . . . . Fabnet Peak Effective % . | . . . . . Robots Rewired . | . . . . . Allies Hacked . | . . . . . Hacks Repelled . | . . . . . Allies | -11 -10 -10 -10 -9 -------- Run | Yrd Mat Min Exi Min Total Allies 3 | . . . . 3 Largest Group 3 | . . . . 3 Highest-Rated Group 40 | . . . . 40 Highest-Rated Ally 16 | . . . . 16 Total Orders . | . . . . . Ally Attacks 19 | . . . . 19 Total Damage 189 | . . . . 189 Kills 4 | . . . . 4 Allies Corrupted . | . . . . . Allies Melted . | . . . . . Intel | -11 -10 -10 -10 -9 ------- Run | Yrd Mat Min Exi Min Robot Analysis Total . | . . . . . Derelict Logs Recovered 3 | . . 1 . 2 Drone Launches . | . . . . . Drone Recoveries . | . . . . . Exploration | -11 -10 -10 -10 -9 ------------- Run | Yrd Mat Min Exi Min Turns Passed 3173 | 75 165 1399 678 856 Spaces Moved 1104 | 45 71 525 212 251 Core 9 | 6 . . . 3 Treads 1092 | 39 71 525 212 245 Legs 3 | . . . . 3 Wheels . | . . . . . Hover . | . . . . . Flight . | . . . . . Fastest Speed 50 | 50 160 240 320 50 Average Speed 273 | 145 217 251 320 320 Slowest Speed 800 | 160 240 320 320 800 Overloaded Moves . | . . . . . Propulsion Burnouts . | . . . . . Robots Hopped . | . . . . . Cave-ins Triggered . | . . . . . Exploration Rate (%) 46 | 3 17 98 61 52 Regions Visited 4 Branch Regions 3 Pre-discovered Areas 1 | . . . . 1 Known Exits Taken 1 | . 1 . . . Unknown Exits Taken 3 | 1 . 1 1 . Scrap Searched 3 | . . 1 . 2 Spaces Dug . | . . . . . Terrain Destroyed . | . . . . . Melee . | . . . . . Projectile . | . . . . . AOE . | . . . . . Terrain Rammed . | . . . . . Walls Destroyed . | . . . . . Machines Disabled . | . . . . . Actions | -11 -10 -10 -10 -9 --------- Run | Yrd Mat Min Exi Min Total 1198 | 52 75 567 213 291 Wait 7 | . . 1 . 6 Move 1100 | 44 70 524 211 251 Hop . | . . . . . Pick Up 30 | . . 17 1 12 Fast Attach 11 | 7 1 . . 3 Attach 1 | . . . . 1 Detach . | . . . . . Swap 3 | . . 1 1 1 Drop 11 | 1 . 2 . 8 Fire 35 | . 4 22 . 9 Melee . | . . . . . Ram . | . . . . . Kick . | . . . . . Crush . | . . . . . Escape Stasis . | . . . . . Rewire . | . . . . . Trap . | . . . . . Miscellaneous . | . . . . . Route ------- -11/Scrapyard -10/Materials -10/Mines (discovered 4 exits: [*Mat x2] / *Exi / [*Sub]) -10/Exiles (discovered 2 exits: [*Min x2]) -9/Mines (discovered 1 exit: [*Mat]) History --------- Turn | Location | Event 6 | -11/Scrapyard | Discovered new exit (range 15) 76 | -11/Scrapyard | Entered Materials 117 | -10/Materials | Identified exit to Mines 241 | -10/Materials | Entered Mines 257 | -10/Mines | Met a Derelict who couldn't figure out how to use a Trap Extractor 303 | -10/Mines | Build established: Mutant 541 | -10/Mines | Deemed a non-threat by the Exiles lab entrance 543 | -10/Mines | Discovered new exit (range 5) 646 | -10/Mines | Learned Materials stockpile data 931 | -10/Mines | Discovered new exit (range 3) 991 | -10/Mines | Found a hidden stash of uninstalled traps 1192 | -10/Mines | Discovered new exit (range 9) 1334 | -10/Mines | Discovered new exit (range 7) 1640 | -10/Mines | Entered Exiles 1682 | -10/Exiles | Discovered new exit (range 15) 1727 | -10/Exiles | Met 8R-AWN 1768 | -10/Exiles | Met EX-HEX 1871 | -10/Exiles | Met EX-BIN 1916 | -10/Exiles | Aligned with FarCom system 1919 | -10/Exiles | Given EX-Vault access code 1996 | -10/Exiles | Opened EX-Vault 2012 | -10/Exiles | Found Prototype Processor 2013 | -10/Exiles | Identified 0b10 Alert Chip 2081 | -10/Exiles | Warned to stay clear of 0b10 Research branches 2177 | -10/Exiles | Met EX-DEC 2293 | -10/Exiles | Discovered new exit (range 10) 2318 | -10/Exiles | Left Exiles lab with 0b10 Alert Chip 2318 | -10/Exiles | Entered Mines 2722 | -9/Mines | Found a damaged Exp. Sensor Array with a note attached 2729 | -9/Mines | Found Prototype Device 2730 | -9/Mines | Discovered new exit (range 10) 2875 | -9/Mines | Learned location of Storage (-7) 2929 | -9/Mines | Learned Materials terminal intel 2984 | -9/Mines | YI-UF0 nonchalantly dropped a Grenade Launcher on the ground 3019 | -9/Mines | Assisted by bots powering up and referring to "LRC-V3" 3132 | -9/Mines | Assembled infested the area 3171 | -9/Mines | Core integrity fell below 50% 3173 | -9/Mines | Core integrity fell below 20% 3173 | -9/Mines | Released all parts (6) 3174 | -9/Mines | Destroyed by D-53 Grenadier with Mini Grenade Launcher Last Messages --------------- 03148_ as-13973 destroyed. 03150_ Dropped Lgt. Ion Engine. 03151_ Lgt. Treads destroyed. 03151_ Trooper 2a destroyed. 03159_ as-81677 destroyed. 03160_ Acquired Aluminum Leg. 03162_ Mercenary 2a destroyed. 03165_ K-01 Serf destroyed. 03166_ as-88811 destroyed. 03166_ as-03535 destroyed. 03166_ as-11066 destroyed. 03167_ as-81743 destroyed. 03169_ as-70025 destroyed. 03170_ The unstable cave ceiling collapses. 03173_ Released Lgt. Nuclear Core. 03173_ Released Lgt. Assault Rifle. 03173_ Released Hcp. Storage Unit. 03173_ Released Lgt. Assault Rifle. 03173_ Released 0b10 Alert Chip. 03173_ Released Aluminum Leg. Map ----- +----------------------------------------------------+ | ??????# #???????????????????????????????????????? | | ??????# #???????????????????????????????????????? | | ??????# #???????????????????????????????????????? | | ??????# #???????????????????????????????????????? | | ??????# #???????????????????????????????????????? | | ??????# #???????????????????????????????????????? | | ???#### #???????????????????????????????????????? | | ???# #???#?# ????????????????????????????????? | | ???# #??? ??????????????????????????????? | | ???# ####??? ?????????????????????????????? | | ???# #????? #?????????????????????????????? | | ???# #????? #??????????????????????????????? | | ???# #????? #???????????????????????????????? | | ???# #????# #???????????????????????????????? | | ???# #?### s#????????????????????????????????? | | ???# ### #????????????????#???????????????? | | ???# ## #???????????????=##??????????????? | | ???# # ##??????########* ##?????????????? | | #### ] #?????## # % #?????????????? | | ## #?????# [ ####???????????? | | ##?????????## d ##??????????? | | #??????????# ![= d[ # #????????? | | #### #??#####????# [=[! = % #???????? | | ???# #### ###??# *!*[= ???? | | ???## ## ##?# !==*! ## ???? | | ????##### ### @=*= #### #?????????? | | ????????## ###???????????????? | | ?????????## # ####?????????????????? | | ??????????###################????????????????????? | | ?????????????????????????????????????????????????? | | ?????????????????????????????????????????????????? | | ?????????????????????????????????????????????????? | | ?????????????????????????????????????????????????? | | ?????????????????????????????????????????????????? | | ?????????????????????????????????????????????????? | | ?????????????????????????????????????????????????? | | ?????????????????????????????????????????????????? | | ?????????????????????????????????????????????????? | | | | | | | | | | | | | | | | | | | | | | | | | +----------------------------------------------------+ Best States ------------- Heat Dissipation 25 Energy Generation 14 Energy Capacity 160 Matter Stores 300 Matter Capacity 300 Sight Range 16 Terrain Scan Density 10 Weapon Shielding 66 Evasion (%) 40 Recoil Reduction 2 Item Schematics ----------------- None Robot Schematics ------------------ None Fabricated ------------ Nothing Alien Tech Used ----------------- None Achievements -------------- None Challenges ------------ None Game ------ Seed LaserPowerPick Manual? 0 Play Time 00:12:42 Cumulative 31.8 hours Start 2024.09.02 @ 11:24:21 End 2024.09.02 @ 11:36:47 Sessions 1 Manual Loads 0 Difficulty Rogue Special Mode None Game No. 47 Rogue 47 Adventurer 0 Explorer 0 Win Type - Total 0 Types 0/0/0/0/0/0/0/0/0 Lore% 14 Gallery% 32 Achievement% 30 Wizard Run 0 Options --------- Layout 0 ASCII 0 Keyboard 0 Movement Numpad Keybinds 0 Fullscreen 1 Font 18/Cog Map View 76x50 Zoom Use 0% Tactical HUD 1 Map Filters NONE Filters NONE Steam 1 RUN: 197008b1-c5f9-4fd2-86ec-83e1d2240726